 Dungeon Crawl Stone Soup version 0.22.1-2-g9c5b331 (webtiles) character file.

3954 WarriorsX the Cleaver (level 10, -1/80 HPs)
             Began as a Human Berserker on Dec 14, 2018.
             Was a High Priest of Trog.
             Slain by a two-headed ogre
             ... wielding a +0 giant club
              (21 damage)
             ... on level 8 of the Dungeon.
             The game lasted 00:26:22 (8527 turns).

WarriorsX the Cleaver (Human Berserker)             Turns: 8527, Time: 00:26:23

Health: -1/80      AC: 13    Str: 22    XL:     10   Next: 45%
Magic:  10/10      EV:  9    Int:  7    God:    Trog [*****.]
Gold:   353        SH:  0    Dex: 14    Spells: 9/9 levels left

rFire    . . .     SeeInvis .   x - +0 war axe
rCold    . . .     Gourm    .   (no shield)
rNeg     . . .     Faith    .   l - +0 plate armour
rPois    .         Spirit   .   (no helmet)
rElec    .         Reflect  .   (no cloak)
rCorr    +         Harm     .   (no gloves)
MR       ++...                  (no boots)
Stlth    ..........             r - amulet of the acrobat
HPRegen  1.23/turn              g - ring of resist corrosion
MPRegen  0.12/turn              (no ring)

@: lethally poisoned (-1 -> -2), berserk cooldown, regenerating, hasted and
slowed
A: agile 1, mutation resistance 1
a: Berserk, Trog's Hand, Brothers in Arms, Renounce Religion


You were on level 8 of the Dungeon.
You worshipped Trog.
Trog was extremely pleased with you.
You were very hungry.

You visited 2 branches of the dungeon, and saw 9 of its levels.

You collected 353 gold pieces.

Inventory:

Hand Weapons
 i - a +1 dire flail of protection
 q - a +1 flail of protection
 u - a +4 halberd
 x - a +0 war axe (weapon)
Armour
 l - a +0 plate armour (worn)
Jewellery
 g - a ring of resist corrosion (left hand)
 r - an amulet of the acrobat (around neck)
 w - an uncursed ring of poison resistance {unknown}
Wands
 f - a wand of paralysis (7)
Scrolls
 d - 3 scrolls of remove curse
 j - a scroll of magic mapping {unknown}
 n - 4 scrolls of enchant weapon
 o - a scroll of fear
 p - a scroll of random uselessness {unknown}
 y - a scroll of identify
Potions
 a - a potion of cancellation {unknown}
 b - a potion of berserk rage
 e - 2 potions of heal wounds
 k - a potion of flight {unknown}
 m - a potion of agility
 s - a potion of experience {unknown}
 t - a potion of resistance {unknown}
 v - a potion of magic {unknown}
 A - a potion of lignification {unknown}
Comestibles
 c - 14 rations
 z - 6 chunks of flesh


   Skills:
 - Level 8.0 Fighting
 - Level 8.1(8.2) Axes
 - Level 1.0(5.1) Polearms
 - Level 8.1 Armour
 + Level 6.0 Dodging
 + Level 0.8 Evocations


You had 9 spell levels left.
You didn't know any spells.
Your spell library was empty.

Dungeon Overview and Level Annotations

Branches:
Dungeon (8/15)             Temple (1/1) D:5
   Lair: D:8-11

Altars:
Ashenzari
Cheibriados
Dithmenos
Elyvilon
Fedhas
Gozag
Hepliaklqana
Kikubaaqudgha
Makhleb
Nemelex Xobeh
Okawaru
Qazlal
Ru
Sif Muna
Trog
Uskayaw
Vehumet
Wu Jian
Xom
Yredelemnul
Zin
The Shining One


Innate Abilities, Weirdness & Mutations

You are agile. (Dex +2)
You are somewhat resistant to further mutation.


Message History

* * * LOW HITPOINT WARNING * * *
You feel sick.
You feel a strong urge to attack something.
You feel sick.
You are too berserk!
You are no longer berserk.
You are exhausted.
You feel as though you will be slow longer.
You feel sick.
That item cannot be evoked!
Evoke which item? (* to show all) (? for menu, Esc to quit)
Okay, then.
You feel much better.
You feel sick. The two-headed ogre closely misses you.
The two-headed ogre hits you with a giant club!
* * * LOW HITPOINT WARNING * * *
You feel yourself speed up.
You feel the effects of Trog's Hand fading.
You feel sick.
The two-headed ogre hits you with a giant club!!
You die...

#.......# #####...# .
#...# .. ### #..##
...######.# ##.#
......#...# #.#
#.....#### #.#
#.......†###### #.#
#.......###..O@.###.#
#........#
###5......#
#.........# #.......#
#.........#
##.......#
..........#
#........#
..........#
#........# .........#
#........# #..†.....#
#........#


You could see a two-headed ogre and a shadow imp.

Vanquished Creatures
  A hornet (D:8)
  Eustachio (D:6)
  Grum (D:8)
  A hungry ghost (D:7)
  Edmund (D:4)
  2 orc warriors (D:7)
  An ice beast (D:7)
  4 centaurs
  An ogre (D:7)
  2 wolves (D:7)
  4 bullfrogs
  A gnoll sergeant (D:6)
  2 scorpions
  4 wights (D:6)
  3 crimson imps
  2 bullfrog zombies
  2 hounds
  2 quasits
  2 jellies
  4 bullfrog skeletons
  3 orc priests
  3 gnoll shamans (D:6)
  An iguana (D:7)
  9 orc wizards
  10 worker ants
  Terence (D:3)
  A hound zombie (D:6)
  A worker ant zombie (D:5)
  35 gnolls
  9 adders
  5 oozes
  An adder zombie (D:5)
  3 dart slugs
  4 leopard geckos
  29 orcs
  4 ball pythons
  7 bats
  4 giant cockroaches
  11 goblins
  7 hobgoblins
  28 jackals
  4 quokkas
  5 frilled lizards
  A giant cockroach zombie (D:5)
  2 jackal skeletons (D:5)
  10 kobolds
  A quokka zombie (D:5)
  4 rats
244 creatures vanquished.

Vanquished Creatures (others)
  An orc wizard (D:7)
1 creature vanquished.

Grand Total: 245 creatures vanquished

Notes
Turn   | Place    | Note
-------+----------+-------------------------------------------
     0 | D:1      | WarriorsX the Human Berserker began the quest for the Orb.
     0 | D:1      | Reached XP level 1. HP: 18/18 MP: 1/1
   130 | D:1      | Reached XP level 2. HP: 13/24 MP: 2/2
   422 | D:1      | Reached XP level 3. HP: 27/29 MP: 3/3
   984 | D:1      | Reached ** piety under Trog
  1043 | D:1      | Gained mutation: You expend magic power (3 MP) to
                  | strengthen your wands. [potion of mutation]
  1043 | D:1      | Gained mutation: You are robust. (+10% HP) [potion of
                  | mutation]
  1043 | D:1      | Gained mutation: You are partially covered in icy blue
                  | scales. (AC +2) [potion of mutation]
  1044 | D:1      | Lost mutation: You expend magic power (3 MP) to strengthen
                  | your wands. [potion of mutation]
  1044 | D:1      | Lost mutation: You are robust. (+10% HP) [potion of
                  | mutation]
  1044 | D:1      | Lost mutation: You are partially covered in icy blue
                  | scales. (AC +2) [potion of mutation]
  1044 | D:1      | Gained mutation: You are somewhat resistant to further
                  | mutation. [potion of mutation]
  1044 | D:1      | Gained mutation: You are agile. (Dex +2) [potion of
                  | mutation]
  1299 | D:2      | Reached XP level 4. HP: 32/37 MP: 4/4
  1851 | D:3      | Reached XP level 5. HP: 28/42 MP: 5/5
  2167 | D:3      | Reached skill level 5 in Axes
  2184 | D:3      | Noticed Terence
  2193 | D:3      | Killed Terence
  2256 | D:3      | Reached XP level 6. HP: 24/48 MP: 6/6
  2627 | D:4      | Reached *** piety under Trog
  2879 | D:4      | Noticed Edmund
  2923 | D:4      | Killed Edmund
  2923 | D:4      | Reached skill level 5 in Armour
  2923 | D:4      | Reached XP level 7. HP: 33/54 MP: 7/7
  3325 | D:5      | Entered Level 5 of the Dungeon
  3559 | D:5      | Found a staircase to the Ecumenical Temple.
  3573 | Temple   | Entered the Ecumenical Temple
  4036 | D:5      | Reached XP level 8. HP: 49/60 MP: 8/8
  4518 | D:6      | Reached skill level 5 in Dodging
  4523 | D:6      | Noticed Eustachio
  4549 | D:6      | Killed Eustachio
  4631 | D:6      | Reached skill level 5 in Fighting
  4959 | D:6      | Reached **** piety under Trog
  5251 | D:6      | Reached XP level 9. HP: 70/70 MP: 9/9
  5290 | D:6      | Reached skill level 1 in Polearms
  6938 | D:7      | Found a bloodstained altar of Trog.
  7260 | D:7      | Reached ***** piety under Trog
  7301 | D:7      | Reached XP level 10. HP: 59/80 MP: 10/10
  7419 | D:7      | Found a sacrificial altar of Ru.
  7503 | D:7      | Found a deep blue altar of Sif Muna.
  8166 | D:8      | Noticed Grum
  8320 | D:8      | Killed Grum
  8499 | D:8      | Noticed a two-headed ogre
  8512 | D:8      | Paralysed by a hornet for 3 turns
  8517 | D:8      | Paralysed by a hornet for 1 turns
  8527 | D:8      | Slain by a two-headed ogre

Skill      XL: |  1  2  3  4  5  6  7  8  9 10 |
---------------+-------------------------------+-----
Axes           | 4 5 8 |  8.1
Fighting       | 4 6 8 |  8.0
Armour         | 3 5 6 8 |  8.1
Dodging        | 3 5 6 |  6.0
Polearms       | 1 |  1.0
Evocations     | |  0.8

Action                   |  1- 3 |  4- 6 |  7- 9 | 10-12 || total
-------------------------+-------+-------+-------+-------++-------
Melee: Hand axe          |   118 |   284 |   527 |       ||   929
       Halberd           |       |       |     6 |       ||     6
       War axe           |       |       |    65 |   182 ||   247
Invok: Berserk           |       |     3 |     5 |     3 ||    11
       Trog's Hand       |       |       |     1 |     1 ||     2
Evoke: Wand              |       |       |       |     1 ||     1
  Use: Potion            |     4 |     2 |       |     3 ||     9
       Scroll            |     1 |     7 |       |       ||     8
  Eat: Chunk             |     1 |     7 |    16 |     6 ||    30
       Ration            |       |       |     2 |     1 ||     3
Armor: Animal skin       |    14 |       |       |       ||    14
       Plate armour      |    32 |   221 |   394 |   110 ||   757
Dodge: Dodged            |    87 |    85 |   379 |    94 ||   645
